 Dungeon Crawl Stone Soup version 0.20.1-1-g8b1a95d (console) character file.

38167 bli the Fighter (level 14, -21/113 HPs)
             Began as a Formicid Abyssal Knight on July 29, 2017.
             Was the Champion of Lugonu.
             Demolished by Rupert
             ... wielding a +1 triple sword of holy wrath
              (41 damage)
             ... on level 3 of the Lair of Beasts.
             The game lasted 03:02:45 (20798 turns).

bli the Fighter (Formicid Abyssal Knight)          Turns: 20798, Time: 03:02:45

Health: -21/113    AC: 21    Str: 21    XL:     14   Next: 32%
Magic:  15/16      EV: 15    Int: 11    God:    Lugonu [******]
Gold:   1521       SH:  8    Dex: 14    Spells: 13/13 levels left

rFire    + . .     SeeInvis +   b - +3 glaive (venom)
rCold    . . .     Gourm    .   R - +3 buckler
rNeg     . . .     Faith    +   u - +4 chain mail {rF+}
rPois    .         Spirit   .   (helmet unavailable)
rElec    .         Reflect  .   (no cloak)
rCorr    .         Harm     .   G - +2 pair of gloves
MR       +....                  K - +0 pair of boots
Stlth    ++........             q - amulet of faith
Regen    0.3/turn               i - ring of stealth
MPRegen  0.2/turn               e - +4 ring of evasion

@: no status effects
A: permanent stasis, dig shafts and tunnels, four strong arms, antennae 3, thin
skeletal structure 1, subdued magic 1
a: Dig, Shaft Self, Depart the Abyss, Bend Space, Banish, Corrupt, Enter the
Abyss, Brand Weapon With Distortion, Renounce Religion


You were on level 3 of the Lair of Beasts.
You worshipped Lugonu.
Lugonu was exalted by your worship.
You were hungry.

You visited 4 branches of the dungeon, and saw 17 of its levels.
You visited the Abyss 1 time.
You also visited: Ice Cave.

You collected 1629 gold pieces.
You spent 108 gold pieces at shops.

Inventory:

Hand Weapons
 a - a +4 quarterstaff of protection
 b - a +3 glaive of venom (weapon)
 c - a +1 war axe of electrocution
 o - a +1 whip of flaming
 N - a +1 hunting sling of flaming
 Q - the +3 spear of Superiority {holy, Stlth+}
   (You found it on level 1 of the Lair of Beasts)

   It has been blessed by the Shining One to cause great damage to the undead
   and demons.
   It makes you more stealthy.
 Z - a +0 hunting sling of freezing
Missiles
 k - 2 steel tomahawks
 J - 6 tomahawks of dispersal (quivered)
 U - 59 sling bullets
Armour
 d - the +8 plate armour "Epongib" {SInv}
   (You found it in an ice cave)

   It lets you see invisible.
 j - a +2 shield
 p - the +5 scale mail of the Nexus {Stlth+}
   (You found it on level 5 of the Dungeon)

   It makes you more stealthy.
 u - a +4 chain mail of fire resistance (worn)
 D - the +0 fire dragon scales "Kilas Jext" {rElec rF++ rC- Str+8 Int-3 Stlth-}
   (You found it in an ice cave)

   It affects your strength (+8).
   It affects your intelligence (-3).
   It greatly protects you from fire.
   It makes you vulnerable to cold.
   It insulates you from electricity.
   It makes you less stealthy.
 G - a +2 pair of gloves (worn)
 K - a +0 pair of boots (worn)
 R - a +3 buckler (worn)
Jewellery
 e - a +4 ring of evasion (right hand)
 i - a ring of stealth (left hand)
 q - an amulet of faith (around neck)
 T - an uncursed ring of protection from fire
 W - an uncursed ring of ice
Wands
 g - a wand of clouds (4/9)
 m - a wand of random effects (7/48)
 F - a wand of digging (10/24)
 I - a wand of lightning (1/15)
 P - a wand of paralysis (17/24)
 X - a wand of flame (10/48)
Scrolls
 l - 2 scrolls of blinking {unknown}
 r - 3 scrolls of magic mapping {unknown}
 x - 2 scrolls of noise {unknown}
 y - 2 scrolls of fog {unknown}
 z - a scroll of enchant weapon
 B - a scroll of vulnerability {unknown}
 C - 5 scrolls of recharging {unknown}
 O - 6 scrolls of fear
 V - 3 scrolls of immolation {unknown}
 Y - 3 scrolls of silence
Potions
 f - a potion of ambrosia
 h - 3 potions of flight
 s - 2 potions of agility
 t - 6 potions of curing
 w - a potion of might {unknown}
 E - a potion of cancellation {unknown}
 H - a potion of resistance {unknown}
 L - 4 potions of heal wounds
 M - a potion of lignification
 S - a potion of brilliance
Comestibles
 v - 10 meat rations
 A - 2 royal jellies


   Skills:
 + Level 11.6 Fighting
 + Level 5.5(10.8) Axes
 + Level 8.8(9.9) Maces & Flails
 + Level 11.6(12.4) Polearms
 + Level 4.2(10.3) Staves
 - Level 4.0 Slings
 + Level 11.3 Armour
 * Level 6.0 Dodging
 + Level 5.8 Stealth
 * Level 5.1 Shields
 + Level 2.7 Invocations
 + Level 1.6 Evocations


You had 13 spell levels left.
You didn't know any spells.

Dungeon Overview and Level Annotations

Branches:
Dungeon (11/15)            Temple (1/1) D:7            Lair (3/6) D:10
 Shoals (0/4) Lair:3          Orc (2/2) D:10            Elf (0/3) Orc:2
  Snake: Lair:2-4    Spider: Lair:2-4

Altars:
Cheibriados
Dithmenos
Elyvilon
Fedhas
Qazlal
Ru
Trog
Zin
The Shining One

Shops:
D:4 *   Orc:2 =%*

Annotations:
D:4 Dyss's ghost, amateur DsMo
Lair:3 Rupert


Innate Abilities, Weirdness & Mutations

You cannot be hasted, slowed, berserked, paralysed or teleported.
You can dig through walls and to a lower floor.
Your four strong arms can wield two-handed weapons with a shield.
You have a pair of large antennae on your head. (SInv)
You have a somewhat thin skeletal structure. (Dex +2, Stealth)
Your spells are a little easier to cast, but a little less powerful.


Message History

Rupert is heavily wounded.
Rupert barely misses you.
You hit Rupert but do no damage.
Rupert looks as sick as possible!
Rupert is heavily wounded.
Rupert hits you with a triple sword of holy wrath!!
* * * LOW HITPOINT WARNING * * *
Space bends around you!
You blink.
Throwing (i - inventory. (,) - cycle):
J - 7 tomahawks of dispersal
Press: ? - help, Shift-Dir - straight line, f/p - Rupert
Aim: Rupert, wielding a triple sword of holy wrath and wearing a chain mail (heavily wounded, berserk, fast, unusually strong, poisoned)
You throw a tomahawk of dispersal.
The tomahawk of dispersal hits Rupert but does no damage.
Rupert is heavily wounded.
Attack whom?
Press: ? - help, Dir - move target cursor, f/p - Rupert
Aim: Rupert, wielding a triple sword of holy wrath and wearing a chain mail (heavily wounded, berserk, fast, unusually strong, poisoned)
You reach to attack!
You slash Rupert!
Rupert looks as sick as possible!
Rupert is severely wounded.
Rupert hits you with a triple sword of holy wrath!!!
You die...

≈≈≈≈≈.≈≈≈≈≈.....
≈≈≈≈.<.≈≈≈..#.#
.≈≈≈.≈.≈≈≈≈P###
.≈≈≈≈≈≈≈≈≈.#### ##
..≈≈≈≈≈≈≈..##.###.##
..≈≈≈≈≈≈≈≈.#.....(..#
.#........##..###..##
.##.##..............#
.#.##..#.....##..####
......##.........#
<#..###..#.....#@#
.#.## ##.....#.@.#
...# #...#.#.#...#
.### #..?.........#
## ##P..P.###.#.# #
###### #####


You could see Rupert (berserk).

Vanquished Creatures
  Snorg (Orc:2)
  Josephine (Orc:1)
  Erolcha (Orc:2)
  Harold (Lair:2)
  A hydra (Lair:1)
  3 two-headed ogres
  3 orc high priests
  A sixfirhy (Orc:2)
  4 orc knights (Orc:2)
  A necromancer (IceCv)
  An ugly thing (D:11)
  3 orc sorcerers (Orc:2)
  An oklob plant (Lair:1)
  A cyclops (D:11)
  A centaur zombie (D:8)
  Joseph (D:7)
  2 ice statues (IceCv)
  A gargoyle (D:11)
  6 spiny frogs
  2 orange demons (Orc:2)
  3 rime drakes
  3 komodo dragons
  8 ice devils (IceCv)
  A red devil (Orc:2)
  2 trolls
  4 blink frogs (Lair:2)
  5 hippogriffs
  A snapping turtle (Lair:3)
  6 wraiths
  2 centaur simulacra
  A wyvern (D:10)
  21 yaks
  4 hungry ghosts
  2 wargs (Orc:2)
  5 water moccasins
  6 porcupines
  32 orc warriors
  2 phantoms
  2 ice beasts (D:6)
  2 sky beasts
  4 black bears
  An eye of draining (D:11)
  A necrophage (D:10)
  13 ogres
  4 centaurs
  3 crocodiles
  A big kobold (D:11)
  12 bullfrogs
  A gnoll sergeant (D:8)
  2 scorpions
  The ghost of Dyss the Changer, a weakling DrTm (D:3)
  7 wights
  4 crimson imps
  6 howler monkeys
  A bullfrog zombie (D:5)
  2 quasits
  3 draconian simulacra (IceCv)
  2 hounds
  27 orc priests
  28 orc wizards
  4 jellies
  4 worker ants
  3 bullfrog skeletons
  2 iguanas
  A troll simulacrum (IceCv)
  A spriggan simulacrum (IceCv)
  A hound zombie (D:5)
  A hound skeleton (D:10)
  A worker ant zombie (D:10)
  12 gnolls
  An ogre simulacrum (IceCv)
  8 adders
  3 naga simulacra (IceCv)
  A shadow imp (D:8)
  An adder zombie (D:6)
  3 worms (D:2)
  3 dart slugs
  2 leopard geckos
  78 orcs
  3 giant cockroaches
  9 goblins
  9 hobgoblins
  6 jackals
  A quokka (D:3)
  A ball python (D:8)
  7 bats
  3 frilled lizards
  5 kobolds
  7 rats
  A butterfly (D:7)
453 creatures vanquished.

Vanquished Creatures (others)
  3 fungi
3 creatures vanquished.

Grand Total: 456 creatures vanquished

Notes
Turn   | Place    | Note
-------+----------+-------------------------------------------
     0 | Abyss:1  | bli the Formicid Abyssal Knight began the quest for the Orb.
     0 | Abyss:1  | Reached XP level 1. HP: 18/18 MP: 2/2
    33 | Abyss:1  | Noticed a large abomination
    41 | Abyss:1  | Noticed an ancient zyme
    56 | D:1      | Escaped the Abyss
   345 | D:1      | Reached XP level 2. HP: 24/24 MP: 3/3
   521 | D:1      | Reached * piety under Lugonu
   672 | D:1      | Reached XP level 3. HP: 30/30 MP: 4/4
   868 | D:2      | Reached skill level 1 in Maces & Flails
  1026 | D:2      | Reached skill level 1 in Dodging
  1026 | D:2      | Reached XP level 4. HP: 29/37 MP: 5/5
  1466 | D:2      | Found a bloodstained altar of Trog.
  1477 | D:2      | Found a glowing golden altar of the Shining One.
  1774 | D:3      | Noticed a phantom
  2187 | D:3      | Reached XP level 5. HP: 37/43 MP: 6/6
  2208 | D:3      | Reached ** piety under Lugonu
  2602 | D:3      | Killed a phantom
  2602 | D:3      | Reached skill level 5 in Fighting
  2602 | D:3      | Reached XP level 6. HP: 35/51 MP: 7/7
  2651 | D:3      | Noticed Dyss's ghost (weakling DrTm)
  2699 | D:3      | Killed Dyss's ghost
  2883 | D:4      | Found Vaqax's General Store.
  2890 | D:4      | Bought a scroll of identify for 24 gold pieces
  2890 | D:4      | Bought a scroll of identify for 24 gold pieces
  2986 | D:4      | Gained mutation: Your spells are a little easier to cast, but a little less powerful. [potion of mutation]
  2986 | D:4      | Gained mutation: You have a somewhat thin skeletal structure. (Dex +2, Stealth) [potion of mutation]
  3025 | D:4      | Noticed Dyss's ghost (amateur DsMo)
  3325 | D:4      | Found a glowing silver altar of Zin.
  3372 | D:4      | Found a shadowy altar of Dithmenos.
  3394 | D:4      | You fall through a shaft!
  3394 | D:5      | Entered Level 5 of the Dungeon
  3394 | D:5      | Found a blossoming altar of Fedhas.
  3506 | D:5      | Reached XP level 7. HP: 46/56 MP: 8/8
  3758 | D:5      | Reached skill level 5 in Maces & Flails
  4135 | D:5      | Found a stormy altar of Qazlal.
  4397 | D:5      | Got a crude scale mail
  4581 | D:5      | Reached XP level 8. HP: 54/63 MP: 9/9
  5018 | D:6      | Reached skill level 1 in Stealth
  5387 | D:6      | Identified the +5 scale mail of the Nexus {Stlth+} (You found it on level 5 of the Dungeon)
  5875 | D:6      | Found a snail-covered altar of Cheibriados.
  5961 | D:7      | Found a staircase to the Ecumenical Temple.
  5986 | D:7      | Reached skill level 5 in Armour
  5999 | D:7      | Reached XP level 9. HP: 66/69 MP: 10/10
  6036 | D:7      | Noticed Joseph
  6099 | D:7      | Killed Joseph
  6265 | D:7      | Found a white marble altar of Elyvilon.
  6610 | D:7      | Noticed a hippogriff
  6626 | D:7      | Killed a hippogriff
  6716 | Temple   | Entered the Ecumenical Temple
  6757 | D:7      | Reached *** piety under Lugonu
  6809 | D:8      | Noticed a hippogriff
  6902 | D:8      | Reached XP level 10. HP: 68/79 MP: 11/11
  6920 | D:8      | Reached skill level 1 in Slings
  7467 | D:8      | Found a snail-covered altar of Cheibriados.
  7521 | D:8      | Noticed a two-headed ogre
  7538 | D:8      | Killed a two-headed ogre
  7538 | D:8      | Reached skill level 1 in Staves
  8098 | D:8      | Reached **** piety under Lugonu
  8278 | D:9      | Noticed a two-headed ogre
  8288 | D:9      | Killed a two-headed ogre
  8340 | D:9      | Reached XP level 11. HP: 70/86 MP: 12/12
  8915 | D:9      | Found a sacrificial altar of Ru.
  9391 | D:10     | Entered Level 10 of the Dungeon
  9511 | D:10     | Reached skill level 1 in Polearms
  9725 | D:10     | Found a staircase to the Orcish Mines.
  9739 | Orc:1    | Entered Level 1 of the Orcish Mines
  9746 | Orc:1    | Noticed an orc high priest
  9772 | D:10     | Reached ***** piety under Lugonu
 10229 | D:10     | Found a staircase to the Lair.
 10238 | Lair:1   | Entered Level 1 of the Lair of Beasts
 10326 | Lair:1   | Reached skill level 1 in Evocations
 10862 | Lair:1   | Noticed an oklob plant
 11124 | Lair:1   | Killed an oklob plant
 11176 | Lair:1   | Got a faintly glowing spear
 11177 | Lair:1   | Identified the +3 spear of Superiority {holy, Stlth+} (You found it on level 1 of the Lair of Beasts)
 11279 | Lair:1   | Reached skill level 5 in Polearms
 11310 | Lair:1   | Noticed a seven-headed hydra
 11337 | Lair:1   | Killed a seven-headed hydra
 11337 | Lair:1   | Reached XP level 12. HP: 96/97 MP: 13/13
 12744 | Lair:2   | Reached skill level 10 in Fighting
 13051 | Lair:2   | Reached skill level 1 in Shields
 13080 | Lair:2   | Noticed Harold
 13107 | Lair:2   | Killed Harold
 13973 | Lair:1   | Reached skill level 10 in Armour
 14333 | D:11     | Reached skill level 5 in Dodging
 14553 | D:11     | Found a frozen archway.
 14560 | IceCv    | Entered an ice cave
 14710 | IceCv    | Reached skill level 5 in Stealth
 15385 | IceCv    | Reached XP level 13. HP: 95/103 MP: 14/14
 15453 | IceCv    | Reached skill level 5 in Axes
 15944 | IceCv    | Got a smoking plate armour
 15955 | IceCv    | Identified the +8 plate armour "Epongib" {SInv} (You found it in an ice cave)
 15962 | IceCv    | Got warped fire dragon scales
 15973 | IceCv    | Identified the cursed +0 fire dragon scales "Kilas Jext" {rElec rF++ rC- Str+8 Int-3 Stlth-} (You found it in an ice cave)
 17033 | Orc:1    | Noticed Josephine
 17053 | Orc:1    | Reached skill level 10 in Polearms
 17094 | Orc:1    | Killed Josephine
 17540 | Orc:2    | Entered Level 2 of the Orcish Mines
 17554 | Orc:2    | Found Nisoig's Jewellery Boutique.
 17659 | Orc:2    | Reached ****** piety under Lugonu
 17682 | Orc:2    | Found a staircase to the Elven Halls.
 17796 | Orc:2    | Noticed Snorg
 17823 | Orc:2    | Killed Snorg
 18523 | Orc:2    | Noticed Erolcha
 18539 | Orc:2    | Killed Erolcha
 18916 | Orc:2    | Found Vegyll's General Store.
 18922 | Orc:2    | Found Ikhleffol's Food Shop.
 19092 | Orc:2    | Bought a potion of heal wounds for 60 gold pieces
 19137 | Orc:2    | Reached XP level 14. HP: 100/113 MP: 16/16
 20225 | Lair:3   | Reached skill level 5 in Shields
 20387 | Lair:3   | Found a glowing golden altar of the Shining One.
 20513 | Lair:3   | Found a staircase to the Shoals.
 20773 | Lair:3   | Noticed Rupert
 20798 | Lair:3   | Demolished by Rupert

Skill      XL: |  1  2  3  4  5  6  7  8  9 10 11 12 13 14 |
---------------+-------------------------------------------+-----
Fighting       | 4 5 6 7 8 9 10 11 | 11.6
Maces & Flails | 1 2 3 4 5 7 8 |  8.8
Dodging        | 1 2 3 4 5 6 |  6.0
Armour         | 3 5 7 8 9 10 11 | 11.3
Stealth        | 1 3 5 |  5.8
Slings         | 2 4 |  4.0
Axes           | 4 5 |  5.5
Staves         | 2 4 |  4.2
Polearms       | 5 9 10 11 | 11.6
Evocations     | 1 |  1.6
Shields        | 2 4 5 |  5.1
Invocations    | |  2.7

Action                   |  1- 3 |  4- 6 |  7- 9 | 10-12 | 13-15 || total
-------------------------+-------+-------+-------+-------+-------++-------
Melee: Hand axe          |    10 |       |    24 |   123 |    32 ||   189
       Mace              |    80 |   186 |   302 |       |       ||   568
       Quarterstaff      |       |       |     7 |   162 |     4 ||   173
       Glaive            |       |       |       |   364 |   353 ||   717
       Spear             |       |       |       |    10 |   223 ||   233
       Whip              |       |       |       |    69 |    36 ||   105
       War axe           |       |       |       |       |    12 ||    12
 Fire: Hunting sling     |       |       |     3 |   125 |    28 ||   156
Throw: Stone             |     1 |    17 |     7 |    12 |       ||    37
       Tomahawk          |       |     4 |     7 |    31 |    80 ||   122
Invok: Depart the Abyss  |     1 |       |       |       |       ||     1
       Bend Space        |       |       |       |     1 |     5 ||     6
 Abil: Dig               |     1 |     5 |     2 |     3 |     5 ||    16
       Shaft Self        |       |     1 |       |       |       ||     1
Evoke: Wand              |       |       |     2 |     8 |     8 ||    18
       Phantom mirror    |       |       |       |       |     1 ||     1
  Use: Scroll            |       |     4 |     4 |     9 |     3 ||    20
       Potion            |       |     1 |     2 |     2 |       ||     5
 Stab: Confused          |       |       |     3 |       |       ||     3
       Sleeping          |       |       |     2 |    20 |     6 ||    28
       Distracted        |       |       |       |     2 |     4 ||     6
  Eat: Chunk             |     1 |     6 |     9 |    26 |    12 ||    54
       Meat ration       |       |     1 |       |     2 |     1 ||     4
       Fruit             |       |       |       |     1 |       ||     1
Armor: Leather armour    |    32 |    37 |    26 |       |       ||    95
       Ring mail         |       |       |    13 |       |       ||    13
       Scale mail        |       |       |    52 |   248 |   103 ||   403
       Chain mail        |       |       |       |       |     8 ||     8
Dodge: Dodged            |    91 |   134 |   247 |   481 |   248 ||  1201
Block: Buckler           |       |       |       |    54 |   153 ||   207
